 Dungeon Crawl Stone Soup version 0.30-a0-879-ga8ba668304 (webtiles) character file.

Game seed: 15120649613312821249

13706 loopz the Geomancer (level 11, 0/63 HPs)
             Began as a Deep Elf Earth Elementalist on Mar 13, 2023.
             Was a High Priest of Vehumet.
             Slain by a death yak simulacrum (7 damage)
             ... in an ice cave.
             The game lasted 00:58:24 (19686 turns).

loopz the Geomancer (Deep Elf Earth Elementalist)  Turns: 19686, Time: 00:58:24

Health: 0/63       AC: 14    Str:  7    XL:     11   Next: 79%
Magic:  10/27      EV: 13    Int: 29    God:    Vehumet [*****.]
Gold:   392        SH:  5    Dex: 15    Spells: 1/30 levels left

rFire   + . .      SeeInvis .    a - +2 rapier (venom)
rCold   + + +      Faith    .    N - +0 buckler
rNeg    . . .      Spirit   .    w - +2 robe {rC+ rF+}
rPois   .          Reflect  .    p - +2 helmet
rElec   .          Rampage  .    I - +0 cloak {rC+}
rCorr   .                        u - +2 pair of gloves
Will    +....                    L - +2 pair of boots
Stlth   +++                      (no amulet)
HPRegen 0.30/turn                H - ring of protection from cold
MPRegen 0.20/turn                O - +6 ring of intelligence

@: no status effects
A: no striking features
a: Renounce Religion


You were in an ice cave.
You worshipped Vehumet.
Vehumet was extremely pleased with you.
You visited 2 branches of the dungeon, and saw 12 of its levels.
You also visited: Ice Cave.

You collected 629 gold pieces.
You spent 237 gold pieces at shops.

Inventory:

Hand Weapons
 a - a +2 rapier of venom (weapon)
 t - a +0 vampiric dagger
 y - a +2 dagger of draining
 C - a +4 sling
 J - a +1 whip of electrocution
 P - a +1 dagger of speed
Missiles
 c - 10 boomerangs
 j - 43 poisoned darts
 l - 2 atropa-tipped darts
 z - 4 silver javelins
 D - a curare-tipped dart
Armour
 p - a +2 helmet (worn)
 q - a scarf of shadows
 u - a +2 pair of gloves (worn)
 w - a +2 robe of resistance (worn)
 I - a +0 cloak of cold resistance (worn)
 L - a +2 pair of boots (worn)
 N - a +0 buckler (worn)
Magical Staves
 B - a staff of death
 M - a staff of cold
Jewellery
 i - the amulet of the Brewing Fool {Spirit *Slow rC+ Str+3}
   (You found it on level 5 of the Dungeon)

   [amulet of guardian spirit]

   It causes incoming damage to be divided between your reserves of health and
   magic.
   Str:       It affects your strength (+3).
   rC:        It protects you from cold.
   *Slow:     It may slow you when you take damage.
 m - a ring of see invisible
 v - a ring of fire
 H - a ring of protection from cold (left hand)
 O - a +6 ring of intelligence (right hand)
Wands
 A - a wand of paralysis (21)
 F - a wand of quicksilver (12)
Scrolls
 b - a scroll of magic mapping
 d - 2 scrolls of teleportation
 k - 2 scrolls of fog
 n - a scroll of poison
Potions
 e - a potion of heal wounds {unknown}
 f - 6 potions of curing
 g - 2 potions of mutation {unknown}
 h - a potion of flight
 o - 2 potions of resistance
 r - 2 potions of magic
 s - 4 potions of might
 x - a potion of haste {unknown}
 E - a potion of lignification {unknown}
 G - 4 potions of cancellation
 K - 10 potions of ambrosia


   Skills:
 - Level 5.0 Fighting
 - Level 3.0 Short Blades
 - Level 4.2 Throwing
 - Level 5.0 Dodging
 - Level 5.0 Stealth
 - Level 5.0 Shields
 - Level 10.0 Spellcasting
 + Level 7.4 Conjurations
 - Level 5.0 Hexes
 - Level 5.0 Summonings
 + Level 3.1 Transmutations
 + Level 2.2 Ice Magic
 + Level 3.0 Air Magic
 - Level 10.0 Earth Magic
 - Level 2.0 Evocations


You had one spell level left.
You knew the following spells:

 Your Spells              Type           Power      Damage    Failure   Level
a - Sandblast             Erth           100%       2d20      1%          1
b - Passwall              Tmut/Erth      42%        N/A       1%          2
c - Stone Arrow           Conj/Erth      100%       3d13      1%          3
d - Petrify               Tmut/Erth      51%        N/A       3%          4
e - Shock                 Conj/Air       100%       1d9       1%          1
f - Slow                  Hex            100%       N/A       1%          1
g - Arcjolt               Conj/Air       22%        1d32      4%          5
h - Searing Ray           Conj           100%       2d8       1%          2
i - Freezing Cloud        Conj/Ice/Air   19%        6-21      7%          5
j - Irradiate             Conj/Tmut      22%        3d19      4%          5

Your spell library contained the following spells:

 Spells                   Type           Power      Damage    Failure   Level
 Flame Wave               Conj/Fire      36%        2d10      3%          4
 Kiss of Death            Conj/Necr      100%       2d13      1%          1
 Call Canine Familiar     Summ           43%        N/A       1%          3
 Confusing Touch          Hex            43%        N/A       1%          3
 Dazzling Flash           Conj/Hex       100%       N/A       1%          3
 Summon Guardian Golem    Hex/Summ       43%        N/A       1%          3
 Ignite Poison            Fire/Tmut/Pois 20%        N/A       2%          3
 Kindle Blastsparks       Fire/Tloc/Air  40%        2d13      2%          3
 Leda's Liquefaction      Hex/Erth       27%        N/A       2%          4
 Portal Projectile        Hex/Tloc       58%        N/A       4%          3
 Airstrike                Air            16%        2d(3-19)  4%          4
 Sublimation of Blood     Necr           14%        N/A       7%          2
 Vampiric Draining        Necr           14%        2d7       14%         3
 Silence                  Hex/Air        18%        N/A       26%         5
 Orb of Destruction       Conj           27%        9d9       41%         7
 Dispel Undead            Necr           14%        3d10      43%         4
 Spellforged Servitor     Conj/Summ      25%        N/A       58%         7
 Agony                    Necr           14%        N/A       78%         5


Dungeon Overview and Level Annotations

Branches:
Dungeon (11/15) Zot: 26961  Temple (1/1) D:5 Zot: 5947    Lair (0/5) D:9
    Orc (0/2) D:10          IceCv (1/1) Zot: 3670

Altars:
Ashenzari
Cheibriados
Dithmenos
Elyvilon
Fedhas
Gozag
Hepliaklqana
Kikubaaqudgha
Makhleb
Nemelex Xobeh
Okawaru
Qazlal
Ru
Sif Muna
Trog
Uskayaw
Vehumet
Wu Jian
Xom
Yredelemnul
Zin
The Shining One

Shops:
D:5 *

Annotations:
IceCv exclusion: reaper


Message History

Aim: a reaper, wielding a +1 scythe of freezing (almost dead, 71% to hit)
The bolt of dispelling energy misses the reaper.
The reaper hits you but does no damage.
Aiming: Stone Arrow (safe; 1% risk of failure)
Press: ? - help, Q - select action, (/) - cycle Shift-Dir - straight line, f/p - reaper
Aim: a reaper, wielding a +1 scythe of freezing (almost dead, 78% to hit)
The stone arrow hits the reaper!
You kill the reaper!
Vehumet accepts your kill.
You feel your power returning.
Your Transmutations skill increases to level 3!
Your Ice Magic skill increases to level 2!
Your Air Magic skill increases to level 3!
Unknown command.
Aiming: Stone Arrow (safe; 1% risk of failure)
Press: ? - help, Q - select action, (/) - cycle Shift-Dir - straight line, f - death yak simulacrum
Aim: a death yak simulacrum (100% to hit)
The stone arrow hits the death yak simulacrum!
The death yak simulacrum is moderately damaged.
Aiming: Stone Arrow (safe; 1% risk of failure)
Press: ? - help, Q - select action, (/) - cycle Shift-Dir - straight line, f/p - death yak simulacrum
Aim: a death yak simulacrum (moderately damaged, 100% to hit)
The stone arrow hits the death yak simulacrum!
The death yak simulacrum is heavily damaged.
Aiming: Stone Arrow (safe; 1% risk of failure)
Press: ? - help, Q - select action, (/) - cycle Shift-Dir - straight line, f/p - death yak simulacrum
Aim: a death yak simulacrum (heavily damaged, 100% to hit)
The stone arrow hits the death yak simulacrum!
The death yak simulacrum is severely damaged.
The death yak simulacrum gores you!
* * * LOW HITPOINT WARNING * * *
The death yak simulacrum freezes you! You resist.
* * * LOW HITPOINT WARNING * * *
Aiming: Stone Arrow (safe; 1% risk of failure)
Press: ? - help, Q - select action, (/) - cycle Shift-Dir - straight line, f/p - death yak simulacrum
Aim: a death yak simulacrum (severely damaged, 100% to hit)
The stone arrow hits the death yak simulacrum!
The death yak simulacrum is almost destroyed.
The death yak simulacrum gores you!
You die...

**,*,##.☼§***§*,,Z,
**##..○§***§*§2*
##..#*§,*,**§**
#...##*,**,*****
#.⌠..##****,*,,**
##.....# *(,,,,,*
#)..#..#* *,,,**,*
##Z.##*..# *,,,**,,
#.@## **.#***,****,
#.## *,.# *****,,
#.## *,,#* **,,,
##.# **,,* *,,,*
##.# **,* *,,,*
#..# *,,* **,,**
#.## *,,***,,,*
#.## *,***,,,**
##.### *,***,,**


You could see a death yak simulacrum.

Vanquished Creatures
  A reaper (IceCv)
  4 two-headed ogres
  An ugly thing (IceCv)
  An ice statue (IceCv)
  An ice devil (IceCv)
  An anaconda simulacrum (IceCv)
  A queen bee (D:10)
  A hornet (D:6)
  2 dire elephant simulacra (IceCv)
  A shadow (D:10)
  2 yaks (D:9)
  A wraith (D:10)
  Eustachio (D:4)
  3 steam dragons (D:9)
  3 death yak simulacra (IceCv)
  Edmund (D:5)
  Menkaure (D:4)
  A harpy simulacrum (IceCv)
  A hydra simulacrum (IceCv)
  7 orc warriors
  2 sky beasts (D:9)
  An ice beast (D:7)
  4 ogres (D:7)
  A black bear (D:7)
  6 centaurs
  Blork the orc (D:5)
  6 kobold brigands
  4 bullfrogs
  2 gnoll sergeants
  3 scorpions
  A cane toad simulacrum (IceCv)
  3 two-headed ogre simulacra (IceCv)
  5 wights (D:7)
  Dowan (D:5)
  3 elephant simulacra (IceCv)
  27 killer bees
  A howler monkey (D:8)
  2 hounds (D:5)
  5 gnoll boudas
  11 orc priests
  4 iguanas
  16 orc wizards
  A sleepcap (D:5)
  6 spriggan simulacra (IceCv)
  A wolf simulacrum (IceCv)
  4 troll simulacra (IceCv)
  27 gnolls
  3 adders
  4 naga simulacra (IceCv)
  2 shadow imps
  13 white imps
  6 ufetubi (IceCv)
  A worm (D:4)
  24 orcs
  4 endoplasms
  3 giant cockroaches
  3 goblins
  3 hobgoblins
  A jackal (D:2)
  26 kobolds
  A quokka (D:1)
  5 ball pythons
  3 frilled lizards
  6 rats
291 creatures vanquished.

Vanquished Creatures (others)
  Duvessa (D:5)
  A sky beast (D:9)
  A scorpion (D:5)
  6 fungi (D:7)
  18 plants (D:7)
27 creatures vanquished.

Grand Total: 318 creatures vanquished

Notes
Turn   | Place    | Note
-------+----------+-------------------------------------------
     0 | D:1      | loopz the Deep Elf Earth Elementalist began the quest for
                  | the Orb.
     0 | D:1      | Reached XP level 1. HP: 10/10 MP: 6/6
   228 | D:1      | Reached skill level 1 in Fighting
  1026 | D:1      | Reached XP level 2. HP: 16/16 MP: 6/8
  1125 | D:2      | Learned a level 2 spell: Passwall
  1484 | D:2      | Found a faded altar of an unknown god.
  2587 | D:3      | Reached XP level 3. HP: 21/21 MP: 7/9
  2934 | D:3      | Learned a level 3 spell: Stone Arrow
  3341 | D:4      | Noticed Eustachio
  3445 | D:4      | Noticed Menkaure
  4133 | D:4      | Reached XP level 4. HP: 26/26 MP: 6/10
  4212 | D:4      | Reached skill level 5 in Stealth
  4707 | D:4      | Reached XP level 5. HP: 25/30 MP: 6/11
  4818 | D:4      | Reached skill level 5 in Earth Magic
  5131 | D:5      | Entered Level 5 of the Dungeon
  5308 | D:4      | Killed Eustachio
  5309 | D:4      | Reached skill level 5 in Spellcasting
  5309 | D:4      | Reached skill level 1 in Conjurations
  5309 | D:4      | Reached XP level 6. HP: 29/35 MP: 9/15
  5367 | D:5      | Killed Duvessa
  5420 | D:5      | Found Boastrev's Assorted Antiques.
  5471 | D:5      | Bought a smoky red potion for 24 gold pieces
  5471 | D:5      | Bought a silvery potion for 24 gold pieces
  5471 | D:5      | Bought a scroll labelled UPEFFYVAGO for 27 gold pieces
  5471 | D:5      | Bought a scroll labelled NOINEM NETROIRO for 27 gold pieces
  5471 | D:5      | Bought a scroll labelled BEPEAW YL NUSI for 27 gold pieces
  5471 | D:5      | Bought a glowing bone wand for 108 gold pieces
  5814 | D:5      | Found a staircase to the Ecumenical Temple.
  5814 | D:5      | Identified the amulet of the Brewing Fool {Spirit *Slow rC+
                  | Str+3}
  5820 | D:5      | Noticed Blork the orc
  5829 | Temple   | Entered the Ecumenical Temple
  5845 | Temple   | Found a transporter.
  5845 | Temple   | Found a transporter.
  5847 | Temple   | Found a transporter.
  5847 | Temple   | Found a transporter.
  5856 | Temple   | Became a worshipper of Vehumet
  5898 | D:5      | Killed Blork the orc
  5899 | D:5      | Reached XP level 7. HP: 40/40 MP: 9/16
  5964 | D:5      | Noticed Dowan
  6017 | D:5      | Killed Dowan
  6324 | D:5      | Reached skill level 5 in Conjurations
  6541 | D:5      | Noticed Edmund
  6560 | D:5      | Killed Edmund
  6841 | D:5      | Found a sparkling altar of Nemelex Xobeh.
  7478 | D:5      | Found a glowing golden altar of the Shining One.
  7492 | D:5      | Learned a level 4 spell: Petrify
  7559 | D:6      | Reached XP level 8. HP: 42/46 MP: 2/17
  7719 | D:6      | You fall into a shaft and drop 2 floors!
  8115 | D:7      | Reached skill level 5 in Fighting
  8159 | D:7      | Found a shadowy altar of Dithmenos.
  8294 | D:7      | Found a basalt altar of Yredelemnul.
  8422 | D:7      | Reached * piety under Vehumet
  8422 | D:7      | Offered knowledge of Shock by Vehumet.
  8525 | D:7      | Learned a level 1 spell: Shock
  8648 | D:7      | Reached skill level 1 in Air Magic
  8935 | D:7      | Reached XP level 9. HP: 54/54 MP: 8/18
  9324 | D:6      | Learned a level 1 spell: Slow
  9914 | D:7      | Reached skill level 1 in Hexes
 10164 | D:7      | Reached ** piety under Vehumet
 10164 | D:7      | Offered knowledge of Magic Dart by Vehumet.
 10582 | D:7      | Reached skill level 5 in Hexes
 10878 | D:7      | Reached skill level 10 in Earth Magic
 11408 | D:8      | Found an ancient bone altar of Kikubaaqudgha.
 11409 | D:8      | Found a blossoming altar of Fedhas.
 12079 | D:8      | Reached XP level 10. HP: 54/59 MP: 11/23
 12360 | D:8      | Learned a level 3 spell: Summon Guardian Golem
 12741 | D:9      | Offered knowledge of Searing Ray by Vehumet.
 12743 | D:9      | Found a broken altar of Ashenzari.
 13035 | D:9      | Found a staircase to the Lair.
 13214 | D:9      | Reached *** piety under Vehumet
 13902 | D:9      | Noticed a two-headed ogre
 13906 | D:9      | Reached skill level 1 in Summonings
 14073 | D:9      | Noticed a two-headed ogre
 14635 | D:9      | Killed a two-headed ogre
 14636 | D:9      | Reached skill level 10 in Spellcasting
 14895 | D:9      | Identified a scroll of acquirement
 14895 | D:9      | Acquired a +6 ring of intelligence
 15045 | D:9      | Reached skill level 1 in Throwing
 15089 | D:9      | Found a shimmering altar of Xom.
 15097 | D:9      | Killed a two-headed ogre
 15385 | D:4      | Killed Menkaure
 15654 | D:10     | Entered Level 10 of the Dungeon
 15658 | D:10     | Learned a level 2 spell: Searing Ray
 15662 | D:10     | Noticed a two-headed ogre
 15880 | D:10     | Found a burning altar of Makhleb.
 15880 | D:10     | Noticed a two-headed ogre
 15891 | D:10     | Killed a two-headed ogre
 15891 | D:10     | Offered knowledge of Airstrike by Vehumet.
 15956 | D:10     | Learned a level 4 spell: Airstrike
 15962 | D:10     | Learned a level 5 spell: Irradiate
 15969 | D:10     | Learned a level 5 spell: Freezing Cloud
 15986 | D:10     | Reached skill level 5 in Summonings
 15986 | D:10     | Reached XP level 11. HP: 63/63 MP: 20/27
 16107 | D:10     | Reached skill level 1 in Evocations
 16111 | D:10     | Reached skill level 1 in Shields
 16235 | D:10     | Reached **** piety under Vehumet
 16238 | D:10     | Offered knowledge of Arcjolt by Vehumet.
 16688 | D:10     | Learned a level 5 spell: Arcjolt
 16798 | D:10     | Killed a two-headed ogre
 16944 | D:10     | Found a staircase to the Orcish Mines.
 17349 | D:11     | Found a frozen archway.
 17357 | IceCv    | Entered an ice cave
 17451 | IceCv    | Reached skill level 5 in Dodging
 18067 | IceCv    | Noticed a white ugly thing
 18074 | IceCv    | Killed a white ugly thing
 18193 | IceCv    | Reached ***** piety under Vehumet
 18537 | IceCv    | Offered knowledge of Flame Wave by Vehumet.
 19007 | IceCv    | Noticed a reaper
 19016 | IceCv    | Reached skill level 5 in Shields
 19091 | IceCv    | Reached skill level 1 in Ice Magic
 19682 | IceCv    | Killed a reaper
 19686 | IceCv    | Slain by a death yak simulacrum

Illustrated notes

Levels and vault maps discovered:
D:1:      beargit_arrival_greenhouse, layout_basic, minmay_misc_feat_encased,
          hex_tiny
D:2:      layout_basic, basic_ecumenical_altar, grunt_decor_arrowhead,
          minmay_domino_4
D:3:      layout_basic, minmay_misc_feat_four_crosses
D:4:      layout_loops_ring, uniq_eustachio, uniq_menkaure
D:5:      layout_loops_ring, tso_oasis_becter, lemuel_doored_altar,
          minmay_temple_entry_arrows, nicolae_inconvenience_store,
          lemuel_flamethrower_2, uniq_blork_the_orc, uniq_duvessa, uniq_edmund
D:6:      layout_basic, dreamdust_princess_corridor
D:7:      kennysheep_seaside_town, layout_cave_pools,
          nicolae_overflow_crystal_walls, mainiacjoe_overflow_24_doors
D:8:      layout_basic, grunt_temple_overflow_growth_and_decay
D:9:      layout_grid_maze, nicolae_ashenzari_skybound, xom_confusion_cloud,
          lair_entry_dummy, hangedman_misty_isle
D:10:     layout_roguey [special_room_bee], mainiacjoe_overflow_paths,
          orc_0_dummy
D:11:     layout_basic, portal_ice_cave_entry_pillars_2
Temple:   hellmonk_temple_divided_pantheon
IceCv:    ice_cave_caverns_01

Skill      XL: |  1  2  3  4  5  6  7  8  9 10 11 |
---------------+----------------------------------+-----
Fighting       | 1 2 3 5 |  5.0
Stealth        | 4 5 |  5.0
Earth Magic    | 4 5 7 10 | 10.0
Spellcasting   | 5 7 10 | 10.0
Conjurations   | 1 4 5 6 7 |  7.4
Transmutations | 2 3 |  3.1
Short Blades   | 3 |  3.0
Air Magic      | 2 3 |  3.0
Hexes          | 5 |  5.0
Summonings     | 5 |  5.0
Throwing       | 4 |  4.2
Evocations     | 2 |  2.0
Dodging        | 5 |  5.0
Shields        | 5 |  5.0
Ice Magic      | 2 |  2.2

Action                     |  1- 3 |  4- 6 |  7- 9 | 10-12 || total
---------------------------+-------+-------+-------+-------++-------
  Melee: Short sword       |     1 |    23 |       |       ||    24
         Whip              |       |    12 |       |       ||    12
         Rapier            |       |     3 |    44 |     8 ||    55
  Throw: Dart              |       |     4 |     5 |     1 ||    10
         Throwing net      |       |     2 |       |       ||     2
   Cast: Sandblast         |    52 |    40 |    11 |       ||   103
         Stone Arrow       |       |     2 |   133 |   239 ||   374
         Slow              |       |       |    11 |     2 ||    13
         Shock             |       |       |     1 |       ||     1
         Petrify           |       |       |       |     7 ||     7
         Passwall          |       |       |       |     2 ||     2
         Summon Guardian G |       |       |       |     1 ||     1
         Searing Ray       |       |       |       |    13 ||    13
  Evoke: Wand              |       |     1 |     4 |     4 ||     9
    Use: Scroll            |    12 |     6 |     6 |    14 ||    38
         Potion            |       |     2 |       |     2 ||     4
   Stab: Sleeping          |     1 |     1 |     5 |       ||     7
         Invisible         |       |     5 |       |       ||     5
 Armour: Robe              |     2 |    15 |    23 |    31 ||    71
  Dodge: Dodged            |     4 |    23 |    41 |    63 ||   131
  Block: Buckler           |       |       |       |    16 ||    16

Table legend: (Time is in decaauts)
 A = Elapsed time spent in this place.
 B = Non-inter-level travel time spent in this place.
 C = Inter-level travel time spent in this place.
 D = Time resting spent in this place.
 E = Time spent auto-exploring this place.
 F = Levels seen in this place.
 G = Mean time per level.
                   A        B        C        D        E       F      G
               +--------+--------+--------+--------+--------+-----+--------+
         Total |  19750 |  18175 |   1575 |   7647 |   7859 |  13 | 1519.2 |
       Dungeon |  17370 |  15802 |   1568 |   6547 |   7080 |  11 | 1579.1 |
        Temple |     52 |     45 |      7 |     14 |      3 |   1 |   52.0 |
      Ice Cave |   2328 |   2328 |      0 |   1086 |    776 |   1 | 2328.0 |
               +--------+--------+--------+--------+--------+-----+--------+

Top non-repeatable levels by time:
     D:9: 2657 daAuts
     D:7: 2533 daAuts
   IceCv: 2328 daAuts
     D:8: 1913 daAuts
     D:3: 1792 daAuts
     D:5: 1727 daAuts
     D:4: 1663 daAuts
    D:10: 1563 daAuts
     D:1: 1257 daAuts
     D:2: 1191 daAuts
     D:6: 1031 daAuts
  Temple: 52 daAuts
    D:11: 38 daAuts
